 Dungeon Crawl Stone Soup version 0.29.0-4-gdea44cf6ec (webtiles) character file.

Game seed: 5998239432301592043

978 apoch the Spear-Bearer (level 7, 0/64 HPs)
             Began as a Minotaur Fighter on Aug 27, 2022.
             Was an Initiate of Gozag.
             Slain by Zeldest's ghost (4 damage)
             ... on level 4 of the Dungeon.
             The game lasted 00:12:09 (4915 turns).

apoch the Spear-Bearer (Minotaur Fighter)           Turns: 4915, Time: 00:12:09

Health: 0/64       AC: 11    Str: 23    XL:     7   Next: 95%
Magic:  6/6        EV:  7    Int:  5    God:    Gozag
Gold:   935        SH:  4    Dex:  9    Spells: 6/6 levels left

rFire   . . .      SeeInvis .   a - +0 trident
rCold   . . .      Faith    .   c - +0 buckler
rNeg    . . .      Spirit   .   g - +1 chain mail {rPois}
rPois   +          Reflect  .   (helmet restricted)
rElec   .          Harm     .   (no cloak)
rCorr   .          Rampage  .   (no gloves)
Will    .....                   (no boots)
Stlth   ..........              (no amulet)
HPRegen 0.20/turn               (no ring)
MPRegen 0.10/turn               (no ring)

@: gold aura
A: horns 2, retaliatory headbutt
a: Renounce Religion, Potion Petition, Call Merchant, Bribe Branch


You were on level 4 of the Dungeon.
You worshipped Gozag.
Gozag was pleased with you.
You visited 1 branch of the dungeon, and saw 4 of its levels.

You collected 935 gold pieces.

Inventory:

Hand Weapons
 a - a +0 trident (weapon)
Missiles
 l - 18 stones
 o - 5 poisoned darts (quivered)
 p - 2 atropa-tipped darts
Armour
 b - a +0 scale mail
 c - a +0 buckler (worn)
 g - a +1 chain mail of poison resistance (worn)
Jewellery
 k - an amulet of magic regeneration
Wands
 n - a wand of quicksilver (13)
Scrolls
 d - a scroll of identify
 h - a scroll of amnesia
 r - a scroll of magic mapping
 s - a scroll of vulnerability {unknown}
Potions
 e - a potion of magic {unknown}
 i - 3 potions of attraction {unknown}
 m - a potion of mutation
 q - a potion of brilliance {unknown}


   Skills:
 + Level 6.6 Fighting
 * Level 8.1 Polearms
 + Level 6.5 Armour
 - Level 3.6 Shields


You had 6 spell levels left.
You didn't know any spells.
Your spell library contained the following spells:

 Spells                   Type           Power      Damage    Failure   Level
 Foxfire                  Conj/Fire      0%         2x1d4     99%         1
 Ensorcelled Hibernation  Hex/Ice        0%         N/A       100%        2
 Passwall                 Tmut/Erth      0%         N/A       100%        2
 Confusing Touch          Hex            0%         N/A       100%        3
 Conjure Flame            Conj/Fire      0%         6-21      100%        3
 Inner Flame              Hex/Fire       0%         N/A       100%        3
 Swiftness                Air            0%         N/A       100%        3
 Flame Wave               Conj/Fire      0%         2d4       100%        4
 Yara's Violent Unravell  Hex/Tmut       0%         3d3       100%        5
 Enfeeble                 Hex            0%         N/A       100%        7


Dungeon Overview and Level Annotations

Branches:
Dungeon (4/15)             Temple (0/1) D:4

Altars:
Dithmenos
Gozag
Trog

Annotations:
D:4 Zeldest's ghost, weakling FoDe


Innate Abilities, Weirdness & Mutations

You have a pair of horns on your head.
You reflexively headbutt those who attack you in melee.


Message History

* * * LOW HITPOINT WARNING * * *
You feel yourself slow down.
The hornet stings you but does no damage.
You puncture the hornet!
The hornet is severely wounded.
You block the hornet's attack.
The hornet stings you but does no damage.
You barely miss the hornet. You headbutt the hornet.
The hornet is almost dead.
You feel yourself speed up. The hornet stings you!
* * * LOW HITPOINT WARNING * * *
You feel yourself slow down. The hornet barely misses you.
The hornet stings you but does no damage.
You puncture the hornet!
You kill the hornet!
You feel yourself speed up.
Your Polearms skill increases to level 8!
You miss Zeldest's ghost. Zeldest's ghost barely misses you.
You hit Zeldest's ghost but do no damage.
Zeldest's ghost barely misses you.
You hit Zeldest's ghost. You headbutt Zeldest's ghost.
Zeldest's ghost is lightly damaged.
Zeldest's ghost hits you but does no damage.
You closely miss Zeldest's ghost.
Zeldest's ghost is lightly damaged.
You block Zeldest's ghost's attack.
You closely miss Zeldest's ghost.
Zeldest's ghost is lightly damaged.
Zeldest's ghost hits you.
* * * LOW HITPOINT WARNING * * *
You puncture Zeldest's ghost! Your headbutt misses Zeldest's ghost.
Zeldest's ghost is almost destroyed.
Zeldest's ghost barely misses you. You furiously retaliate!
You headbutt Zeldest's ghost, but do no damage.
You barely miss Zeldest's ghost.
Zeldest's ghost is almost destroyed.
Zeldest's ghost hits you.
You die...
Your body crumbles into a pile of gold.

###.#####.).#.##.......#.#
....# #...#.########<#.#
#########...#.##########.#
.......##...#.#..........#
######.##...#.#.##########
# #.##...#.#.## #
#..'...'.#§§##
#########...###§§§#
...............§@§#
#........#######W#######
'........'....#§§§#....#
#........###..#§§§####.#
#........# #..# #.#
#........# #..### #.#
#.8.#....# #....# #.#
.........###....### #.#
8.>.8.............# #.#


You could see Zeldest's ghost.

Vanquished Creatures
  A hornet (D:4)
  Eustachio (D:4)
  A black bear (D:4)
  A phantom (D:4)
  Blork the orc (D:4)
  A necrophage (D:4)
  A hound (D:4)
  A jelly (D:4)
  Ijyb (D:3)
  An iguana (D:4)
  An orc wizard (D:3)
  Robin (D:4)
  3 gnolls (D:3)
  4 adders
  3 worms
  4 dart slugs
  6 orcs (D:3)
  9 ball pythons
  10 endoplasms
  2 giant cockroaches (D:2)
  12 goblins
  10 hobgoblins
  3 jackals (D:1)
  9 kobolds
  8 quokkas
  4 bats
  11 frilled lizards
  7 rats
117 creatures vanquished.

Notes
Turn   | Place    | Note
-------+----------+-------------------------------------------
     0 | D:1      | apoch the Minotaur Fighter began the quest for the Orb.
     0 | D:1      | Reached XP level 1. HP: 19/19 MP: 0/0
   154 | D:1      | Reached skill level 3 in Polearms
   154 | D:1      | Reached XP level 2. HP: 26/27 MP: 1/1
   252 | D:1      | Found a faded altar of an unknown god.
   266 | D:1      | Prayed at the altar of an unknown god.
   266 | D:1      | Became a worshipper of Gozag Ym Sagoz the Greedy
   634 | D:1      | Reached XP level 3. HP: 33/33 MP: 2/2
  1427 | D:2      | Reached skill level 4 in Polearms
  1427 | D:2      | Reached XP level 4. HP: 25/40 MP: 3/3
  2458 | D:3      | Found a bloodstained altar of Trog.
  2545 | D:3      | Reached XP level 5. HP: 46/47 MP: 4/4
  2549 | D:3      | Reached skill level 5 in Polearms
  2631 | D:3      | Found a shadowy altar of Dithmenos.
  2718 | D:3      | Noticed Ijyb
  2735 | D:3      | Killed Ijyb
  3265 | D:4      | Reached skill level 5 in Fighting
  3265 | D:4      | Reached skill level 5 in Armour
  3327 | D:4      | Reached XP level 6. HP: 53/56 MP: 5/5
  3356 | D:4      | Found a runed translucent door.
  3360 | D:4      | Noticed a hornet
  3360 | D:4      | Noticed Zeldest's ghost (weakling FoDe)
  3417 | D:4      | Noticed Robin
  3447 | D:4      | Killed Robin
  3793 | D:4      | Reached skill level 6 in Polearms
  4004 | D:4      | Found a staircase to the Ecumenical Temple.
  4125 | D:4      | Noticed Blork the orc
  4136 | D:4      | Killed Blork the orc
  4137 | D:4      | Reached XP level 7. HP: 45/62 MP: 6/6
  4242 | D:4      | Noticed Eustachio
  4283 | D:4      | Reached skill level 7 in Polearms
  4305 | D:4      | Killed Eustachio
  4891 | D:4      | Paralysed by a hornet for 3 turns
  4908 | D:4      | Killed a hornet
  4909 | D:4      | Reached skill level 8 in Polearms
  4913 | D:4      | HP: 3/64 [Zeldest's ghost (2)]
  4915 | D:4      | Slain by Zeldest's ghost

Illustrated notes

Levels and vault maps discovered:
D:1:      dpeg_arrival_simpleton_b, layout_loops_ring,
          hellmonk_ecumenical_altar_arch_garden, minmay_tromino_v4_b
D:2:      layout_loops_ring, minmay_lizard_pond
D:3:      layout_loops_ring, bloody_trog, lemuel_doored_altar, uniq_ijyb
D:4:      layout_basic, minmay_temple_entry_statues_pillars,
          ebering_ghost_inner_flame, uniq_robin, uniq_eustachio,
          uniq_blork_the_orc

Skill      XL: |  1  2  3  4  5  6  7 |
---------------+----------------------+-----
Polearms       | 3 4 5 6 8 |  8.1
Armour         | 4 5 6 |  6.5
Fighting       | 4 5 6 |  6.6
Shields        | |  3.6

Action                   |  1- 3 |  4- 6 |  7- 9 || total
-------------------------+-------+-------+-------++-------
Melee: Trident           |   128 |   159 |    65 ||   352
       Headbutt          |     7 |    21 |     6 ||    34
Throw: Dart              |    32 |    70 |     6 ||   108
       Boomerang         |       |    26 |       ||    26
       Stone             |       |    14 |       ||    14
  Use: Scroll            |       |     9 |       ||     9
       Potion            |       |       |     3 ||     3
Armor: Scale mail        |    32 |     6 |       ||    38
       Chain mail        |       |    43 |    67 ||   110
Dodge: Dodged            |    42 |    56 |    38 ||   136
Block: Buckler           |    16 |    26 |    23 ||    65
